 Dungeon Crawl Stone Soup version 0.25-a0-1130-g3926558f3a (webtiles) character file.

Game seed: 12405447389924885589, levelgen mode: deterministic

27 MisterFreud the Skirmisher (level 3, -3/35 HPs)
             Began as a Gnoll Abyssal Knight on May 19, 2020.
             Was a Follower of Lugonu.
             Slain by Natasha (9 damage)
             ... on level 2 of the Dungeon.
             The game lasted 00:01:33 (1479 turns).

MisterFreud the Skirmisher (Gnoll Abyssal Knight)   Turns: 1479, Time: 00:01:33

Health: -3/35      AC:  4    Str: 14    XL:     3   Next: 10%
Magic:  6/6        EV: 12    Int: 15    God:    Lugonu [*.....]
Gold:   90         SH:  0    Dex: 14    Spells: 3/3 levels left

rFire    + . .     SeeInvis .   m - +1 dagger (vamp)
rCold    + . .     Gourm    .   (no shield)
rNeg     . . .     Faith    .   b - +0 leather armour
rPois    +         Spirit   .   (no helmet)
rElec    +         Reflect  .   o - +0 cloak
rCorr    +         Harm     .   (no gloves)
MR       .....                  (no boots)
Stlth    +.........             (no amulet)
HPRegen  0.11/turn              (no ring)
MPRegen  0.10/turn              (no ring)

@: resistant, hasted and slowed
A: distributed training, fangs 1, strong nose
a: Depart the Abyss, Renounce Religion


You were on level 2 of the Dungeon.
You worshipped Lugonu.
Lugonu was aware of your devotion.
You were not hungry.

You visited 1 branch of the dungeon, and saw 2 of its levels.
You visited the Abyss 1 time.

You collected 90 gold pieces.

Inventory:

Hand Weapons
 a - a +1 short sword
 g - a +2 dagger of freezing
 m - a +1 vampiric dagger (weapon)
Missiles
 l - 67 stones (quivered)
 r - 7 curare-tipped darts
 s - 20 bolts
 t - 18 arrows
Armour
 b - a +0 leather armour (worn)
 o - a +0 cloak (worn)
Scrolls
 d - 2 scrolls of teleportation {unknown}
 e - a scroll of blinking {unknown}
 f - 2 scrolls of identify {unknown}
 h - a scroll of amnesia {unknown}
 k - 2 scrolls of enchant armour {unknown}
Potions
 i - a potion of flight {unknown}
 j - a potion of haste
 n - a potion of ambrosia {unknown}
 p - a potion of resistance
Comestibles
 c - 3 rations
 q - 2 chunks of flesh


   Skills:
 + Level 6.5 Fighting
 + Level 4.5 Short Blades
 + Level 0.6 Long Blades
 + Level 0.6 Axes
 + Level 0.6 Maces & Flails
 + Level 0.6 Polearms
 + Level 0.6 Staves
 + Level 0.6 Slings
 + Level 0.6 Bows
 + Level 0.6 Crossbows
 + Level 0.6 Throwing
 + Level 4.5 Armour
 + Level 2.5 Dodging
 + Level 0.6 Stealth
 + Level 0.6 Shields
 + Level 0.6 Unarmed Combat
 + Level 0.6 Spellcasting
 + Level 0.4 Conjurations
 + Level 0.4 Hexes
 + Level 0.4 Charms
 + Level 0.4 Summonings
 + Level 0.4 Necromancy
 + Level 0.4 Translocations
 + Level 0.4 Transmutations
 + Level 0.4 Fire Magic
 + Level 0.4 Ice Magic
 + Level 0.4 Air Magic
 + Level 0.4 Earth Magic
 + Level 0.4 Poison Magic
 + Level 4.5 Invocations
 + Level 0.6 Evocations


You had 3 spell levels left.
You didn't know any spells.
Your spell library was empty.

Dungeon Overview and Level Annotations

Branches:
Dungeon (2/15)

Altars:

Annotations:
D:2 Natasha


Innate Abilities, Weirdness & Mutations

Your experience applies equally to all skills.
You have very sharp teeth.
Your uncanny sense of smell can sniff out nearby items.


Message History

Natasha is moderately wounded.
Natasha stares at you and mumbles some strange words.
The magic dart hits you!
You hit Natasha.
Natasha is moderately wounded.
Natasha claws you!
* * * LOW HITPOINT WARNING * * *
The crimson imp puffs mist at you.
The crimson imp blinks!
You hit Natasha.
You feel better.
Natasha is heavily wounded.
Natasha closely misses you. The crimson imp closely misses you.
Natasha barely misses you.
Unknown command.
It was a potion of haste.
You feel yourself speed up. The crimson imp closely misses you.
Natasha barely misses you.
It was a potion of resistance.
You feel protected. The crimson imp completely misses you. Natasha claws you!
You die...

#### ...# ##.#
#.# #.# #.#
#################
##.#
#...[....5.......
...###
#.#######@!......
....[# #.#
##h###### ##.#.#
#.# .#
#.#.###.### .#
##.#.#.....# ##.#
...#.......#
.....
##.##......##..#
+# #.)....>.....#
##<##......##.#


You could see Natasha and a crimson imp (summoned).

Vanquished Creatures
  An adder (D:2)
  A dart slug (D:1)
  2 giant cockroaches (D:2)
  2 hobgoblins (D:1)
  4 kobolds
  2 frilled lizards (D:2)
  2 goblins (D:1)
  4 rats
18 creatures vanquished.

Notes
Turn   | Place    | Note
-------+----------+-------------------------------------------
     0 | Abyss:1  | MisterFreud the Gnoll Abyssal Knight began the quest for
                  | the Orb.
     0 | Abyss:1  | Reached XP level 1. HP: 23/23 MP: 3/3
    47 | D:1      | Escaped the Abyss
   582 | D:1      | Reached XP level 2. HP: 26/29 MP: 5/5
  1194 | D:2      | Reached XP level 3. HP: 28/35 MP: 6/6
  1452 | D:2      | Noticed Natasha
  1479 | D:2      | Slain by Natasha

Illustrated notes

Levels and vault maps discovered:
D:1:      minmay_arrival_split_and_join, layout_basic, serial_forest,
          infiniplex_forest_straight_2, infiniplex_forest_lined_room_2,
          infiniplex_forest_lined_ring, infiniplex_forest_clump_large,
          infiniplex_forest_lined_3_way
D:2:      layout_loops_ring, minmay_box_of_dots, uniq_natasha

Action                   || total
-------------------------++-------
Melee: Short sword       ||    17
       Dagger            ||    82
       Bite              ||     9
  Use: Potion            ||     2
  Eat: Chunk             ||     2
Armor: Leather armour    ||    17
Dodge: Dodged            ||    38

Table legend:
 A = Non-vault XP
 B = Vault XP
 C = Vault XP percentage of total XP
 D = Non-vault monster count
 E = Vault monster count
 F = Vault count percentage of total count
                 A         B        C        D         E       F
            +---------+---------+-------+---------+---------+-------
      Total |      39 |       0 |   0.0 |      18 |       0 |   0.0
            +---------+---------+-------+---------+---------+-------
        D:1 |      16 |       0 |   0.0 |       9 |       0 |   0.0
        D:2 |      23 |       0 |   0.0 |       9 |       0 |   0.0
            +---------+---------+-------+---------+---------+-------
